[Event "*** MasterClass Titled Tuesday Blitz"]
[Site "Chess.com"]
[Date "2017.10.03"]
[Round "10"]
[White "VladDobrov"]
[Black "chessking2151"]
[Result "1-0"]
[WhiteElo "2620"]
[BlackElo "2389"]
[TimeControl "180+2"]
[EndTime "15:16:38 PDT"]
[Termination "VladDobrov won by resignation"]

1. d4 Nf6 2. c4 e6 3. Nf3 b6 4. Nc3 Bb7 5. a3 d5 6. Bg5 Nbd7 7. cxd5 exd5 8. Qa4 c6 9. e3 b5 10. Qc2 h6 11. Bh4 Be7 12. Bd3 O-O 13. O-O Nb6 14. b3 Rc8 15. Ne5 a6 16. Bf5 Rc7 17. Nd3 Bc8 18. Bxc8 Rxc8 19. a4 b4 20. Ne2 a5 21. f3 Nbd7 22. Rac1 Qb6 23. Qd2 c5 24. dxc5 Nxc5 25. Nxc5 Bxc5 26. Nd4 Bxd4 27. exd4 Nd7 28.
Bf2 Rfe8 29. h4 Qb7 30. Qd3 Nf8 31. Rc5 Ne6 32. Rb5 Qa8 33. Qf5 Rc3 34. Qxd5 Nf4 35. Qxa8 Rxa8 36. Rb1 Rd3 37. Kf1 Rc8 38. Rc5 Rc3 39.
Rxc8+ Rxc8 40. Be3 Nd5 41. Bd2 Rc2 42. Ke2 Nc3+ 43.
Kd3 Rxd2+ 44. Kxd2 Nxb1+ 45. Kd3 Nc3 46. Kc4 Kf8 47.
Kc5 Ne2 48. Kb5 Nxd4+ 49. Kxa5 Nxb3+ 50. Kxb4 Nd4 51. Kc5 Ne6+ 52. Kd6 Ke8 53. a5 Kd8 54. a6 Nd4 55. Kc5 Ne6+ 56. Kc6 Kc8 57. a7 Nc7 58. h5 f6 59. g4 Na8 60. Kd6 Kb7 61. Ke6 Kxa7 62.
Kf7 Kb6 63. Kxg7 Kc6 64. Kxh6 Kd7 65. Kg7 Ke7 66. h6 Nc7 67. h7 Ne8+ 68. Kg6 1-0

[Event "*** MasterClass Titled Tuesday Blitz"]
[Site "Chess.com"]
[Date "2017.10.03"]
[Round "10"]
[White "Tibmat"]
[Black "Mistheoretical"]
[Result "1-0"]
[WhiteElo "2405"]
[BlackElo "2202"]
[TimeControl "180+2"]
[EndTime "15:16:44 PDT"]
[Termination "Tibmat won on time"]

1. e4 e6 2. d4 d5 3. Nd2 Nf6 4. e5 Nfd7 5. Bd3 c5 6. c3 Nc6 7.
Ne2 cxd4 8. cxd4 f6 9. exf6 Nxf6 10. O-O Bd6 11. Nf3 Qc7 12. Nc3 a6 13. h3 O-O 14.
Re1 h6 15. Bd2 g5 16. Rc1 Qg7 17. Na4 Bc7 18. Nc5 Qf7 19. Bxg5 hxg5 20. Nxg5 Qh5 21. Qxh5 Nxh5 22. Ncxe6 Bf4 23. Bh7+ Kh8 24. Nxf8 Bxg5 25. Rxc6 bxc6 26. Re5 Bh6 27. Rxh5 Bxf8 28. Bd3+ Kg8 29. Rg5+ Bg7 30. Rg6 Bd7 31. h4 Be8 32. Rg4 Kf8 33. g3 a5 34. Rf4+ Ke7 35. g4 Bd7 36. g5 Rf8 37.
Rxf8 Kxf8 38. Kg2 Bh8 39. b3 Bxd4 40. f4 c5 41. f5 Ke7 42. Kf3 a4 43. f6+ Bxf6 44.
gxf6+ Kxf6 45. Kf4 axb3 46. axb3 Be8 47. Be2 Bf7 48. Bd1 c4 49. b4 d4 50. Ke4 d3 51.
Kd4 Kf5 52. b5 1-0

[Event "*** MasterClass Titled Tuesday Blitz"]
[Site "Chess.com"]
[Date "2017.10.03"]
[Round "10"]
[White "Gudmundur_Kjartansson"]
[Black "BillCoe"]
[Result "1-0"]
[WhiteElo "2326"]
[BlackElo "1982"]
[TimeControl "180+2"]
[EndTime "15:17:03 PDT"]
[Termination "Gudmundur_Kjartansson won by resignation"]

1. e4 c5 2. Nf3 e6 3. g3 g6 4. Bg2 Bg7 5. O-O Nc6 6. c3 Nge7 7.
d4 cxd4 8. cxd4 d5 9. e5 O-O 10. Nc3 a6 11. Re1 b5 12. b3 Bd7 13. Ne2 a5 14. Nf4 a4 15. Nd3 axb3 16. Qxb3 Qb6 17. Bb2 Na5 18. Qb4 Nec6 19. Qc5 Rab8 20. Qxb6 Rxb6 21.
Nc5 Bc8 22. a4 Nc4 23. axb5 Rxb5 24. Bc3 Rd8 25. Reb1 Rxb1+ 26. Rxb1 Bf8 27. Nd3 Bd7 28. Bf1 Rb8 29. Rxb8 Nxb8 30. Nb4 Bxb4 31. Bxb4 Nc6 32. Bc5 N6a5 33. g4 h6 34. h4 Nb3 35. Ba7 Nbd2 36. Nxd2 Nxd2 37. Be2 Nb3 38. Bb6 Kf8 39. f3 Nd2 40.
Kf2 Bc6 41. Bc5+ Ke8 42. Ke3 Nc4+ 43. Kd3 Na5 44. Kc3 Nb7 45. Bb6 Nd8 46. Kb4 Kd7 47. f4 Nb7 48. Bd3 Ke8 49. h5 gxh5 50. gxh5 Kf8 51. f5 Be8 52. f6 Bd7 53. Bc7 Ke8 54. Be2 Nd8 55. Bd6 Nc6+ 56. Kc3 Na5 57. Ba3 Nb7 58. Bc1 Bb5 59. Bxb5+ 1-0

[Event "*** MasterClass Titled Tuesday Blitz"]
[Site "Chess.com"]
[Date "2017.10.03"]
[Round "10"]
[White "NTBT_DHS"]
[Black "Taron_Shagbazyan"]
[Result "1-0"]
[WhiteElo "2521"]
[BlackElo "2499"]
[TimeControl "180+2"]
[EndTime "15:17:04 PDT"]
[Termination "NTBT_DHS won by resignation"]

1. d4 Nf6 2. c4 e6 3. Nf3 Bb4+ 4. Bd2 a5 5. g3 b6 6. Bg2 Bb7 7. O-O O-O 8. Nc3 Bxc3 9. Bxc3 d6 10. Qc2 Be4 11.
Qc1 Nbd7 12. Rd1 Re8 13. b4 axb4 14. Bxb4 Qc8 15. a4 Qb7 16. a5 bxa5 17. Bxa5 e5 18. Bc3 exd4 19. Bxd4 h6 20. c5 dxc5 21. Rxa8 Rxa8 22. Bxf6 Nxf6 23. Qxc5 Qb6 24. Qe5 Re8 25. Qf4 g5 26. Qd2 Ng4 27. Rf1 c5 28. h3 Nf6 29.
h4 Rd8 30. Qe3 Bxf3 31. Bxf3 g4 32. Bg2 Kg7 33. Rc1 Rd4 34. Qe5 Rd2 35. Rc4 Qa6 36. Rxg4+ Kf8 37. Qxc5+ Qd6 38. Qxd6+ Rxd6 39. Rf4 Kg7 40.
Bf3 Rd2 41. Kg2 Nd7 42. Rf5 f6 43. Rd5 Rxd5 44. Bxd5 Ne5 45. f4 Ng4 46. Be6 Ne3+ 47. Kf3 Nf1 48. Kf2 Nd2 49. Bd5 f5 50. Ke1 Nb1 51.
e3 Kf6 52. Bc6 Na3 53. Kd2 Nc4+ 54. Kd3 Nb2+ 55. Kd4 Nd1 56. Bf3 Nf2 57. Kc3 Nh3 58. Kd2 Ke6 59. Ke2 Kf6 60. Kf1 1-0

[Event "*** MasterClass Titled Tuesday Blitz"]
[Site "Chess.com"]
[Date "2017.10.03"]
[Round "10"]
[White "Angry_Serb"]
[Black "timator"]
[Result "0-1"]
[WhiteElo "2395"]
[BlackElo "2422"]
[TimeControl "180+2"]
[EndTime "15:17:10 PDT"]
[Termination "timator won by resignation"]

1. e4 c5 2. Nc3 Nc6 3. Bb5 Nd4 4. Nf3 Nxb5 5. Nxb5 a6 6. Nc3 g6 7. d4 cxd4 8. Qxd4 Nf6 9. e5 Nh5 10. Ne4 Ng7 11.
Bd2 Ne6 12. Qd5 Bg7 13. O-O-O Qc7 14. h4 h6 15. Rhe1 Qc6 16. Qb3 b5 17. Ba5 Bb7 18.
Kb1 Rc8 19. c3 Qc4 20. Qc2 Qc6 21. h5 g5 22. g3 O-O 23. Re3 Nc5 24. Nxc5 Qxc5 25.
Bb4 Qb6 26. Bxe7 Rfe8 27. Bd6 b4 28. Bxb4 Bxf3 29. Rxf3 Bxe5 30. Rxd7 Bg7 31. Qd3 Re1+ 32. Kc2 Qxb4 33. Rd8+ Rxd8 34. Qxd8+ Qf8 35. Qd5 Re6 36. a4 Rf6 37. b4 Rxf3 38. Qxf3 Qc8 39. Kb3 Qe6+ 40.
Kb2 Qc4 41. Kc2 Qa2+ 42. Kd3 Qb1+ 43. Kc4 Qa2+ 44. Kc5 Bf8+ 45. Kb6 Qxa4 46. Qd5 Qc2 47. Kxa6 Qxc3 48. b5 Qa3+ 49. Kb7 Qc5 50. Qxc5 Bxc5 51. f3 Kg7 52. Kc7 Bf2 53. g4 Kf6 54. Kd6 Bb6 55.
Kc6 Ba5 56. Kd6 Bb6 57. Kc6 Bg1 58. Kd6 Bf2 59. Kd5 Ke7 60. Kc6 Ke6 61. b6 Bxb6 62. Kxb6 Ke5 63. Kc6 Kf4 64. Kd6 Kxf3 65. Ke5 Kxg4 66.
Kf6 Kxh5 0-1

[Event "*** MasterClass Titled Tuesday Blitz"]
[Site "Chess.com"]
[Date "2017.10.03"]
[Round "10"]
[White "Too_Stupid_To_Play"]
[Black "Laico"]
[Result "0-1"]
[WhiteElo "2155"]
[BlackElo "2130"]
[TimeControl "180+2"]
[EndTime "15:17:22 PDT"]
[Termination "Laico won by resignation"]

1. Nf3 e6 2. c4 f5 3. b3 b6 4. Bb2 Bb7 5. d3 Nf6 6. g3 Be7 7. Bg2 O-O 8. O-O Qe8 9. Nbd2 Qh5 10. Re1 d6 11. e4 fxe4 12. Nxe4 Nxe4 13. dxe4 e5 14. Nd2 Qg6 15. Nf1 Nd7 16. Ne3 Nf6 17.
Nf5 Rae8 18. f3 Nd7 19. Qc2 Nc5 20. b4 Ne6 21. Rad1 Kh8 22. Qc3 Bg5 23. Rd3 Bd8 24. Red1 Bg5 25. a4 Bc8 26. Bh3 Nd4 27. Rxd4 exd4 28.
Qxd4 Bf6 29. Qd2 Bxb2 30. Qxb2 Qf6 31. Qxf6 Rxf6 32. Bg2 Bxf5 33. exf5 Rxf5 34. f4 Rf7 35. Kf2 Rfe7 36. Rd2 Re3 37. Bc6 R8e7 38. c5 R3e6 39. Bd5 Rf6 40. cxb6 cxb6 41. a5 g6 42. axb6 axb6 43.
Rc2 Rf5 44. Rc8+ Kg7 45. Bc6 Rf8 46. Rxf8 Kxf8 47. b5 Rf7 48. Kf3 Rf5 49. Ke4 Rc5 50. g4 Ke7 51. h4 Rc1 52. Kf3 Rc3+ 53. Ke4 Rh3 54. h5 gxh5 55. gxh5 Rxh5 56. f5 Rh4+ 57.
Kd5 Rf4 58. f6+ Rxf6 59. Bb7 h5 60. Kc6 h4 61. Kxb6 h3 62. Ka7 h2 63. b6 Rf1 64.
Bd5 Ra1+ 65. Kb8 h1=Q 66. Bxh1 Rxh1 67. b7 d5 68. Ka8 Ra1+ 69. Kb8 d4 70. Kc7 Rc1+ 71.
Kb6 d3 72. Ka5 d2 73. b8=Q Ra1+ 0-1

[Event "*** MasterClass Titled Tuesday Blitz"]
[Site "Chess.com"]
[Date "2017.10.03"]
[Round "10"]
[White "lukas_111111"]
[Black "Alexander_Moskalenko"]
[Result "0-1"]
[WhiteElo "2379"]
[BlackElo "2654"]
[TimeControl "180+2"]
[EndTime "15:17:24 PDT"]
[Termination "Alexander_Moskalenko won on time"]

1. e4 d6 2. d4 Nf6 3. Nc3 e5 4. dxe5 dxe5 5. Qxd8+ Kxd8 6. Bc4 Be6 7. Bxe6 fxe6 8. f3 Bd6 9. Nh3 Nbd7 10. Nf2 Ke7 11. Nd3 h6 12. Be3 a6 13. a4 g5 14. Nb1 g4 15.
Nd2 gxf3 16. gxf3 Rag8 17. Nc4 Rg2 18. O-O-O b5 19. Nxd6 cxd6 20. Nb4 Rc8 21. a5 Nb8 22. Rhg1 Rxh2 23. Rg7+ Kf8 24. Rdg1 Nc6 25. Nxa6 Nxa5 26. Nc7 Nc4 27. Nxe6+ Ke8 28. Nc7+ Rxc7 29. Rxc7 Nxe3 30. Rg6 Nc4 31. Kb1 Nd7 32. Rg8+ Kf7 33. Rd8 Nb6 34.
Rdxd7+ Nxd7 35. Rxd7+ Ke6 36. Rh7 d5 37. exd5+ Kxd5 38. Rd7+ Kc5 39. Rc7+ Kd4 40. Re7 Rh3 41. c3+ Kd5 42.
Rd7+ Ke6 43. Rh7 Kf5 44. Rf7+ Kg6 45. Rf8 h5 46. Kc2 Rh2+ 47. Kb3 h4 48. Re8 Kf6 49. Rf8+ Kg5 50. Rb8 h3 51. Rxb5 Kf4 52. Kc4 Rd2 53.
Rb8 h2 54. Rf8+ Kg3 55. Rh8 Kxf3 56. b4 e4 57. Rf8+ Kg2 58. Rg8+ Kf1 59. Rh8 e3 60. b5 Kg1 61. Rg8+ Rg2 0-1

[Event "*** MasterClass Titled Tuesday Blitz"]
[Site "Chess.com"]
[Date "2017.10.03"]
[Round "10"]
[White "nubair1198"]
[Black "Blitzstream"]
[Result "0-1"]
[WhiteElo "2437"]
[BlackElo "2484"]
[TimeControl "180+2"]
[EndTime "15:17:30 PDT"]
[Termination "Blitzstream won by resignation"]

1. d4 e6 2. c4 g5 3. Nc3 Bg7 4. h3 h5 5. e4 c5 6. d5 a6 7. Be2 g4 8. hxg4 hxg4 9. Rxh8 Bxh8 10. Bxg4 Qh4 11. Qf3 b5 12. Be3 b4 13. Na4 Nf6 14. Bh3 Nxe4 15. dxe6 dxe6 16. Nxc5 Nxc5 17. Qxa8 Nd3+ 18.
Kf1 Qxc4 19. Ne2 Nd7 20. Rd1 Nxb2 21. Rc1 Bc3 22. Bd4 Nd3 23. Rc2 Nf4 24. Bxc3 Nxe2 25.
Rxe2 bxc3 26. Bf5 a5 27. Bd3 Qxd3 28. Qxc8+ Ke7 29. g3 Qd1+ 30. Re1 Qd2 31. Qc4 Kf6 32. Qe2 Qd4 33. Qe3 Qc4+ 34. Qe2 Qc6 35. Qd3 Ne5 36. Qe3 Qc4+ 37. Kg1 c2 38. Qh6+ Ke7 39. Qg5+ f6 40.
Qg7+ Kd6 41. Qxf6 Nd3 42. Qd8+ Kc5 43. Qxa5+ Kd4 44. Qb6+ Kc3 45. Qa5+ Kd4 46. Qd8+ Kc3 47. Qa5+ Kd4 48. Qd8+ Kc3 49. Qa5+ Kd4 50. Qd8+ Qd5 51. Qb6+ Qc5 52. Qd8+ Kc3 53. Qf6+ e5 54. g4 Nxe1 55.
g5 c1=Q 56. g6 Nf3+ 57. Kg2 Qg5+ 58. Qxg5 Nxg5 59. g7 Qc8 60. g8=Q Qxg8 61. f4 exf4 62. a4 Qd5+ 63. Kf2 Qf3+ 64. Ke1 Qg2 65. a5 Nf3+ 66. Kd1 Qa2 0-1

[Event "*** MasterClass Titled Tuesday Blitz"]
[Site "Chess.com"]
[Date "2017.10.03"]
[Round "10"]
[White "DiogenesSinopeus"]
[Black "plouarzel"]
[Result "0-1"]
[WhiteElo "2338"]
[BlackElo "2467"]
[TimeControl "180+2"]
[EndTime "15:17:53 PDT"]
[Termination "plouarzel won by resignation"]

1. d4 d6 2. Nf3 g6 3. c4 Bg7 4. Nc3 Nd7 5. e4 e5 6. Bg5 Ngf6 7. d5 h6 8. Bh4 g5 9. Bg3 O-O 10. Be2 Nh5 11. h4 Nf4 12. hxg5 hxg5 13. Nh2 Nxg2+ 14. Kf1 Nf4 15. Bg4 Nf6 16. Bxc8 Qxc8 17. Nf3 Qg4 18. Nd2 Qxd1+ 19. Rxd1 a6 20. Nf3 Nh7 21. Rh2 f6 22. Ke1 Rf7 23. Kd2 Nf8 24. Rdh1 N8g6 25. Bxf4 exf4 26.
Nd4 Re8 27. f3 Nh4 28. Rh3 f5 29. Nxf5 Nxf5 30. exf5 Rxf5 31. Ne4 Bxb2 32. Rg1 Re7 33. Rh5 Rg7 34. Kc2 Bd4 35. Rgh1 Kf7 36. Kd3 Be5 37. Nf2 Bf6 38. Ng4 Be5 39. Nh6+ Kg6 40. Nxf5 Kxf5 41. Rh7 Rg8 42. Rf7+ Kg6 43. Rxc7 b5 44. cxb5 axb5 45. Rch7 Bg7 46. R7h2 Ra8 47. Rb1 Ra3+ 48. Rb3 Ra5 49. Rc2 Be5 50. Rc6 Rxa2 51. Rxb5 Ra3+ 52. Ke2 Re3+ 53.
Kf2 Kf5 54. Rb8 Ra3 55. Rf8+ Kg6 56. Rcc8 Ra2+ 57. Kf1 Kh5 58. Ra8 Rd2 59. Ra7 Kh4 60. Ra3 Kg3 61. Ke1 Rxd5 62. Rc8 Bd4 63. Rc2 Be3 64. Ke2 Re5 65. Kd3 Kxf3 66. Ra1 Rd5+ 67. Kc4 Rc5+ 0-1

[Event "*** MasterClass Titled Tuesday Blitz"]
[Site "Chess.com"]
[Date "2017.10.03"]
[Round "10"]
[White "Hanging_pointer"]
[Black "ChessQueen"]
[Result "0-1"]
[WhiteElo "2350"]
[BlackElo "2601"]
[TimeControl "180+2"]
[EndTime "15:18:12 PDT"]
[Termination "ChessQueen won by resignation"]

1. e4 c5 2. Nf3 Nc6 3. d4 cxd4 4.
Nxd4 Nf6 5. Nc3 d6 6. Bg5 e6 7. Qd2 a6 8. O-O-O h6 9. Nxc6 bxc6 10. Bf4 d5 11. Qe3 Be7 12. Be2 O-O 13. h4 Nh7 14. Qg3 Kh8 15. Bc7 Qd7 16. Bg4 f5 17. exf5 exf5 18.
Be2 Bf6 19. Na4 Qf7 20. Nb6 Ra7 21. Bd6 Rd8 22. Nxc8 Rxc8 23. Bc5 Raa8 24. Bd3 f4 25. Qg6 Qxg6 26. Bxg6 Nf8 27. Bf5 Rd8 28. Rde1 Nd7 29. Bd6 f3 30. gxf3 Ra7 31. Kb1 Rb7 32. b3 Nb6 33. Be5 Bxe5 34. Rxe5 Nc4 35. Re2 Rf8 36. Bg4 Na3+ 37. Kc1 Nb5 38. Kd2 Nd4 39. Re3 Rbf7 40. Rh3 g6 41. c3 Nf5 42. Re6 Rf6 43. Rxf6 Rxf6 44. h5 Kg7 45. hxg6 Kxg6 46. Rh1 Ng7 47. Ke3 h5 48. Bh3 Nf5+ 49. Bxf5+ Rxf5 50. f4 Rf8 51. Kf3 Rh8 52. Kg3 Kf5 53. Kh4 Kxf4 54. Re1 Rh6 55. Re8 Kf3 56. Rf8+ Ke2 57. f3 Kd3 58. f4 Kxc3 59. f5 d4 60. f6 d3 61. Kg5 Rh7 62. Rc8 d2 63. Rxc6+ Kb2 64. Rd6 Kc2 65.
Kg6 Rc7 66. f7 Rxf7 67. Rc6+ Kb2 68. Rd6 Rf2 69. Kxh5 Kc2 70. Rc6+ Kd3 71. Rd6+ Ke2 72. Re6+ Kf1 73. Rd6 Ke1 0-1

[Event "*** MasterClass Titled Tuesday Blitz"]
[Site "Chess.com"]
[Date "2017.10.03"]
[Round "10"]
[White "MisaPap"]
[Black "severomorskij"]
[Result "1/2-1/2"]
[WhiteElo "2583"]
[BlackElo "2659"]
[TimeControl "180+2"]
[EndTime "15:18:53 PDT"]
[Termination "Game drawn by agreement"]

1. e4 c5 2. c3 d5 3. exd5 Qxd5 4. d4 Nc6 5. Nf3 Bf5 6. Be3 Nf6 7. Na3 e6 8. dxc5 O-O-O 9. Qxd5 Nxd5 10. Nc4 Nxe3 11. fxe3 Bxc5 12. Nd4 Be4 13. Nd2 Bg6 14. Bb5 e5 15.
Nxc6 bxc6 16. Ba6+ Kc7 17. Nc4 Bd3 18. O-O-O Bxc4 19.
Bxc4 Bxe3+ 20. Kc2 f5 21. Be6 g6 22. h4 e4 23. h5 Rhf8 24. hxg6 hxg6 25. Rh7+ Kb6 26. Rg7 Rxd1 27. Kxd1 g5 28. Ke2 Bc1 29. b3 f4 30.
Bg4 Rd8 31. Rd7 Rxd7 32. Bxd7 Bb2 33. Bf5 e3 34. c4 Kc5 35. Bd7 Kd6 36. Bg4 Ke5 37.
Kd3 c5 38. Bh3 Ba3 39. Bg4 a5 40. Bh3 Bb4 41. Bg4 Be1 42. Bh3 Bd2 43. Bg4 Bb4 44. Bh3 Kf6 45. Bg4 Ke5 46. Bh3 e2 47. Kxe2 Kd4 48.
Bd7 Kc3 49. Kf3 Kb2 50. a4 Kxb3 51. Bb5 Bd2 52. Kg4 Kc3 53. Kf3 Kd3 54. Ba6 Kd4 55.
Bb5 Ke5 56. Bd7 Bc3 57. Bg4 Kd4 58. Be6 Kd3 59. Bf7 Bf6 60. Kg4 Kc3 61. Kf5 Bd8 62. Ke4 Kb4 63. Kd5 Be7 64. Be8 g4 65. Ke4 Bd6 66.
Bb5 Kc3 67. Bd7 Kxc4 68. Bxg4 Kb3 69. Be6+ Kxa4 70. Kd5 Bf8 71. Kc4 Ka3 72. Kc3 a4 73. Bf7 Bg7+ 74. Kc4 Bd4 75. Kb5 Be3 76. Be6 Bf2 77.
Bf7 Bd4 78. Be6 Kb2 79. Kxa4 Kc3 80. Kb5 Kd2 81. Kc4 Ke3 82. Bd5 Kf2 83. Bf3 Ke3 1/2-1/2

[Event "*** MasterClass Titled Tuesday Blitz"]
[Site "Chess.com"]
[Date "2017.10.03"]
[Round "10"]
[White "Tarlev_Konstantin"]
[Black "yosephtaher"]
[Result "1/2-1/2"]
[WhiteElo "2613"]
[BlackElo "2597"]
[TimeControl "180+2"]
[EndTime "15:21:03 PDT"]
[Termination "Game drawn by repetition"]

1. e4 c5 2. Ne2 g6 3. g3 Bg7 4.
Bg2 Nc6 5. O-O Nf6 6. c3 O-O 7.
d4 cxd4 8. cxd4 d5 9. e5 Ne8 10.
Nbc3 Nc7 11. Nf4 Ne6 12. Nfxd5 Nexd4 13. f4 Be6 14. Be3 Nf5 15. Bf2 f6 16. exf6 exf6 17. Re1 Bf7 18. g4 Nd6 19. Bc5 f5 20. g5 Nc4 21.
Qe2 Nb6 22. Nxb6 Re8 23. Qxe8+ Bxe8 24. Nxa8 Qxa8 25. Rad1 Bf8 26. Bf2 Qb8 27. Nd5 Bg7 28.
Nf6+ Bxf6 29. gxf6 Bf7 30. Re7 Nxe7 31. fxe7 Qxf4 32. Rd8+ Kg7 33. e8=Q Bxe8 34. Rxe8 Qc1+ 35. Re1 Qxb2 36. Bxa7 b6 37. Bb8 Qxa2 38. Be5+ Kh6 39. Bf4+ g5 40. Be3 Qa5 41. Bf2 Kg7 42. Bf1 Qc3 43.
Re7+ Kf6 44. Rb7 h5 45. Rxb6+ Kg7 46. Rd6 Qc2 47. Rd3 f4 48. Rd5 Kh6 49. Rd7 g4 50. Rd6+ Kg7 51. Rd5 Kh6 52. Rd4 Qc1 53. Rd6+ Kg7 54.
Rd5 Kg6 55. Rc5 Qd1 56. Re5 Qf3 57. Bg2 Qd1+ 58. Re1 Qd6 59. Kh1 g3 60. hxg3 fxg3 61. Bg1 h4 62. Re4 Kg5 63. Be3+ Kf5 64. Rxh4 Qd1+ 65.
Bg1 Qe1 66. Ra4 Kg5 67. Bf3 Qd2 68. Rg4+ Kf5 69. Rxg3 Qh6+ 70. Bh2 Qc1+ 71. Rg1 Qe3 72. Bg2 Qh6 73. Rf1+ Ke6 74. Re1+ Kf5 75. Bf3 Qh3 76. Bg2 Qh6 77. Kg1 Qb6+ 78. Kf1 Qa6+ 79. Re2 Qa1+ 80. Kf2 Qa7+ 81. Kg3 Qg7+ 82. Kf3 Qb7+ 83. Kf2 Qa7+ 84. Re3 Qa2+ 85. Kg1 Qa1+ 86. Bf1 Qa7 87. Kf2 Qa2+ 88. Be2 Qa7 89. Bg3 Qb6 90. Bf3 Qb2+ 91. Re2 Qb6+ 92. Kg2 Qd4 93. Bf2 Qg7+ 94. Bg3 Qd4 95. Ra2 Qc5 96.
Kh3 Qc3 97. Bg4+ Kg5 98. Be2 Qc8+ 99. Kg2 Qc3 100. Bf3 Kf5 101. Re2 Qd4 102. Rc2 Qb4 103. Re2 Qd4 104. Bf2 Qg7+ 105. Kf1 Qa1+ 106. Re1 Qa6+ 107. Kg2 Qg6+ 108. Bg3 Qf6 109. Be4+ Kg5 110. Re2 Qd4 111. Bf3 Kf5 1/2-1/2

[Event "*** MasterClass Titled Tuesday Blitz"]
[Site "Chess.com"]
[Date "2017.10.03"]
[Round "10"]
[White "swayamsm"]
[Black "VojtechPlat"]
[Result "1/2-1/2"]
[WhiteElo "2497"]
[BlackElo "2654"]
[TimeControl "180+2"]
[EndTime "15:23:10 PDT"]
[Termination "Game drawn by 50-move rule"]

1. d4 d6 2. c4 e5 3. e4 exd4 4.
Qxd4 Nc6 5. Qd1 Nf6 6. Nc3 Be7 7. Be3 O-O 8. Be2 Re8 9. Nf3 Bf8 10. Nd2 g6 11. O-O Bg7 12. f3 Nd7 13. Kh1 a5 14. Nb3 a4 15. Nd4 a3 16. b3 Nde5 17. Rc1 Qh4 18.
Nd5 Nxd4 19. Bxd4 Qd8 20. f4 Nd7 21. Bf3 c6 22. Bxg7 Kxg7 23. Qd4+ f6 24. Nc3 Nc5 25.
Rcd1 Be6 26. Qxd6 Qxd6 27. Rxd6 Red8 28. Rfd1 Rxd6 29. Rxd6 Kf7 30. Rd2 Ke7 31. Kg1 Na6 32. Kf2 Nb4 33. Ke2 b5 34. cxb5 cxb5 35. Nxb5 Bxb3 36.
Nxa3 Bxa2 37. Nc2 Bc4+ 38. Ke3 Na6 39. Nd4 Rc8 40. e5 Nb4 41. Rb2 Nd5+ 42. Bxd5 Bxd5 43. Kd3 fxe5 44. fxe5 Ra8 45. Nb5 Ra1 46. Nc3 Bc6 47. g3 Re1 48. Kd4 Ke6 49. Rb6 Kd7 50. Ra6 Kc7 51. Ra7+ Bb7 52. Nd5+ Kc6 53. Nf6 h5 54.
Ra3 Bc8 55. Rc3+ Kb7 56. Ne4 Bg4 57. Kd5 Re2 58. Nd6+ Kb6 59. Rb3+ Ka5 60. Rb8 Bf3+ 61. Kd4 Rxh2 62. Nc4+ Ka6 63. e6 Re2 64. Ne3 Bc6 65.
e7 Ka7 66. Rc8 Ba4 67. Rc4 Be8 68. Rc8 Ba4 69. Rc4 Bb5 70. Rc5 Be8 71. Kd3 Rb2 72. Rc8 Rb8 73. Rd8 Kb7 74. Nd5 Bb5+ 75. Kd4 g5 76.
Kc5 Ba4 77. Nc3 Be8 78. Ne4 h4 79. Nd6+ Ka7 80. Nxe8 Rb7 81. gxh4 Rxe7 82. hxg5 Re5+ 83. Kc6 Rxg5 84. Nd6 Rg6 85. Rh8 Rf6 86. Kc7 Rf1 87. Rh2 Rc1+ 88. Kd7 Kb6 89. Rb2+ Kc5 90. Ke6 Re1+ 91.
Kd7 Rd1 92. Rc2+ Kd5 93. Nf7 Rf1 94. Nd8 Rh1 95. Nc6 Rh7+ 96. Ne7+ Ke5 97. Rc5+ Kd4 98.
Rd5+ Ke4 99. Ra5 Rh6 100. Nc6 Rg6 101. Nd8 Rg1 102. Ne6 Rd1+ 103. Ke7 Rb1 104. Nc5+ Kd5 105. Nd3+ Kd4 106. Nf4 Ke4 107. Ne6 Rd1 108. Nc7 Rd2 109. Ke6 Rd4 110. Nb5 Rb4 111. Nd6+ Kf4 112. Rf5+ Ke3 113. Kd5 Ra4 114. Nc4+ Ke2 115. Kd4 Ra8 116. Rh5 Rd8+ 117. Ke4 Rf8 118. Ne5 Kd2 119. Rh3 Kc2 120. Kd4 Rd8+ 121. Kc5 Rc8+ 122. Nc6 Kd2 123. Kd5 Kc2 124. Nd4+ Kd2 125. Nb3+ Kc2 126. Kd4 Rd8+ 127. Kc4 Rc8+ 128. Nc5 Kd2 129. Rd3+ Ke2 130. Ra3 Rd8 131. Ne6 Re8 132. Kd5 Kf2 133. Rb3 Re7 134. Ke5 Re8 135. Kf5 Re7 136. Nd4 Re8 137. Kf4 Rf8+ 138. Nf5 Ke2 1/2-1/2